 Dungeon Crawl Stone Soup version 0.29.1-12-g30fa7ad0bf (webtiles) character file.

Game seed: 15819933926621873794

7750 wormed the Basher (level 11, 0/71 HPs)
             Began as a Gargoyle Fighter on Dec 20, 2022.
             Was a High Priest of Elyvilon.
             Slain by a yak (8 damage)
             ... on level 8 of the Dungeon.
             The game lasted 00:31:12 (12675 turns).

wormed the Basher (Gargoyle Fighter)               Turns: 12675, Time: 00:31:13

Health: 0/71       AC: 26    Str: 22    XL:     11   Next: 20%
Magic:  11/11      EV:  5    Int:  7    God:    Elyvilon [*****.]
Gold:   584        SH: 13    Dex: 23    Spells: 10/10 levels left

rFire   . . .      SeeInvis +   i - +2 mace (holy)
rCold   . . .      Faith    +   u - +0 kite shield
rNeg    + . .      Spirit   .   t - +0 plate armour
rPois   ∞          Reflect  .   j - +1 hat
rElec   +          Harm     .   w - +0 cloak
rCorr   .          Rampage  .   (no gloves)
Will    .....                   f - +1 pair of boots
Stlth   ..........              q - amulet of faith
HPRegen 0.21/turn               a - ring of see invisible
MPRegen 0.12/turn               v - +6 ring of dexterity

@: no status effects
A: sickness immunity, AC +8, negative energy resistance 1, electricity
resistance, torment resistance 1, petrification resistance, agile 2,
deterioration 1, inability to read after injury 1
a: Renounce Religion, Purification, Heal Other, Heal Self, Divine Vigour


You were on level 8 of the Dungeon.
You worshipped Elyvilon.
Elyvilon was extremely pleased with you.
You visited 2 branches of the dungeon, and saw 10 of its levels.

You collected 615 gold pieces.
You spent 31 gold pieces at shops.

Inventory:

Hand Weapons
 i - a +2 mace of holy wrath (weapon)
Missiles
 b - 4 throwing nets
 e - 10 javelins (quivered)
Armour
 f - a +1 pair of boots (worn)
 j - a +1 hat (worn)
 t - a +0 plate armour (worn)
 u - a +0 kite shield (worn)
 w - a +0 cloak (worn)
Jewellery
 a - a ring of see invisible (left hand)
 l - a ring of magical power
 m - a ring of ice
 q - an amulet of faith (around neck)
 v - a +6 ring of dexterity (right hand)
 y - an amulet of magic regeneration
Wands
 h - a wand of paralysis (28)
 k - a wand of acid (2)
Scrolls
 c - 2 scrolls of magic mapping
 d - a scroll of silence
 o - a scroll of amnesia
 s - 3 scrolls of identify
 x - 2 scrolls of enchant weapon
Potions
 g - 3 potions of brilliance
 n - 3 potions of lignification
 p - 3 potions of curing
 r - a potion of cancellation


   Skills:
 + Level 9.0 Fighting
 * Level 11.0 Maces & Flails
 + Level 9.0 Armour
 + Level 9.0 Shields


You had 10 spell levels left.
You didn't know any spells.
Your spell library contained the following spells:

 Spells                   Type           Power      Damage    Failure   Level
 Foxfire                  Conj/Fire      0%         2x1d4     100%        1
 Shock                    Conj/Air       0%         1d3       100%        1
 Conjure Flame            Conj/Fire      0%         6-21      100%        3
 Inner Flame              Hex/Fire       0%         N/A       100%        3
 Ozocubu's Armour         Ice            0%         N/A       100%        3
 Swiftness                Air            0%         N/A       100%        3
 Tukima's Dance           Hex            0%         N/A       100%        3
 Airstrike                Air            0%         2d(0-16)  100%        4
 Flame Wave               Conj/Fire      0%         2d4       100%        4
 Passage of Golubria      Tloc           0%         N/A       100%        4
 Yara's Violent Unravell  Hex/Tmut       0%         3d3       100%        5
 Ozocubu's Refrigeration  Ice            0%         4d7       100%        7


Dungeon Overview and Level Annotations

Branches:
Dungeon (9/15)             Temple (1/1) D:4
   Lair: D:8-11         Orc: D:9-12

Altars:
Ashenzari
Cheibriados
Dithmenos
Elyvilon
Fedhas
Gozag
Hepliaklqana
Kikubaaqudgha
Makhleb
Nemelex Xobeh
Okawaru
Qazlal
Ru
Sif Muna
Trog
Vehumet
Wu Jian
Xom
Yredelemnul

Shops:
D:2 (   D:6 *   D:8 [

Annotations:
D:7 2 transporters, ZoeForever1's ghost, novice DrTm


Innate Abilities, Weirdness & Mutations

You are immune to sickness and miasma.
Your stone body is resilient. (AC +8)
You are immune to poison.
You resist negative energy. (rN+)
You are resistant to electric shocks. (rElec)
You are resistant to unholy torment.
You are immune to petrification.
You are very agile. (Dex +8, Str/Int -2)
Your body sometimes deteriorates upon taking damage.
You occasionally lose the ability to read scrolls when taking damage.


Message History

You barely miss the yak. The yak completely misses you.
The yak gores you but does no damage. You block the yak's attack.
You barely miss the yak. You block the yak's attack. The yak gores you!
* * * LOW HITPOINT WARNING * * *
The yak gores you but does no damage.
You barely miss the yak.
The yak gores you but does no damage. x3
You block the yak's attack. You block the yak's attack.
The yak attacks as you move away! The yak gores you but does no damage.
There is a stone staircase leading up here.
The yak gores you.
* * * LOW HITPOINT WARNING * * *
You climb upwards.
There is a stone staircase leading down here.
You sock the yak!
The yak is moderately wounded.
The yak gores you!
* * * LOW HITPOINT WARNING * * *
You hit the yak.
The yak is moderately wounded.
The yak gores you but does no damage.
You closely miss the yak.
The yak is moderately wounded.
The yak gores you but does no damage.
You sock the yak!
The yak is heavily wounded.
You hit the yak.
The yak is heavily wounded.
You block the yak's attack.
You hit the yak but do no damage.
The yak is heavily wounded.
You block the yak's attack.
You hit the yak.
The yak is severely wounded.
The yak gores you! Elyvilon protects you from harm!
You hit the yak.
The yak is severely wounded.
The yak gores you!
You die...

#...........#...#...
#.#########.#.#.#.## #.#
#.#.#.#.# #.# #.#.#.#.# #.#
#.#.#.#.# #.# #.#.#.#.# #.#
#.#.#.#.#
##############.#########.#.#.#.##
..........))...Y@.........<......
##############.#..###.#....#.####
#.........####.#..#.#............
#.#######.#.........#....###.#...
#.......#.#....#..#.#........#...
#######.#.######..#..............
# #.#........................ #
#.########..#.............. #
#..........#.[....#.....#..


You could see a yak.

Vanquished Creatures
  2 two-headed ogres
  A cyclops (D:9)
  A kobold demonologist (D:9)
  A troll (D:9)
  A wraith (D:9)
  11 yaks
  Sigmund (D:3)
  3 wyverns
  2 water moccasins (D:7)
  An acid dragon (D:8)
  Pargi (D:4)
  An orc warrior (D:9)
  3 sky beasts
  An ogre (D:5)
  3 black bears
  3 centaurs
  2 phantoms
  3 kobold brigands
  2 necrophages
  7 bullfrogs
  2 gnoll sergeants
  3 scorpions
  A killer bee (D:9)
  2 hounds (D:6)
  An orc priest (D:6)
  2 jellies
  2 iguanas
  Natasha (thrice) (D:3)
  5 orc wizards
  18 gnolls
  9 adders
  A shadow imp (D:8)
  2 white imps
  An ufetubus (D:5)
  2 worms (D:2)
  2 dart slugs
  17 orcs
  5 bats
  4 endoplasms
  4 giant cockroaches
  7 goblins
  A hobgoblin (D:1)
  4 jackals (D:2)
  A quokka (D:3)
  A ball python (D:1)
  4 frilled lizards
  9 kobolds
  4 rats
  A spectral orc (D:5)
168 creatures vanquished.

Notes
Turn   | Place    | Note
-------+----------+-------------------------------------------
     0 | D:1      | wormed the Gargoyle Fighter began the quest for the Orb.
     0 | D:1      | Reached XP level 1. HP: 14/14 MP: 1/1
   143 | D:1      | Found a faded altar of an unknown god.
   352 | D:1      | Reached XP level 2. HP: 7/19 MP: 2/2
  1263 | D:2      | Found Itasenaq's Antique Weapon Shop.
  1276 | D:2      | Reached XP level 3. HP: 13/23 MP: 3/3
  2069 | D:2      | Gained mutation: Armour fits poorly on your strangely
                  | shaped body. [potion of mutation]
  2211 | D:3      | Reached XP level 4. HP: 28/29 MP: 4/4
  2216 | D:3      | Noticed Natasha
  2224 | D:3      | Killed Natasha
  2225 | D:3      | Reached skill level 3 in Maces & Flails
  2278 | D:3      | Noticed Sigmund
  2291 | D:3      | Killed Sigmund
  2292 | D:3      | Reached skill level 4 in Maces & Flails
  2292 | D:3      | Reached XP level 5. HP: 10/34 MP: 5/5
  2292 | D:3      | Reached XP level 6. HP: 11/39 MP: 6/6
  2404 | D:3      | Noticed Natasha
  2456 | D:3      | Killed Natasha
  2573 | D:3      | Noticed Natasha
  2582 | D:3      | Killed Natasha
  2862 | D:4      | Found an opulent altar of Gozag.
  2928 | D:4      | Found an ancient bone altar of Kikubaaqudgha.
  2968 | D:4      | Found a staircase to the Ecumenical Temple.
  2986 | Temple   | Entered the Ecumenical Temple
  3191 | Temple   | Became a worshipper of Elyvilon the Healer
  3589 | D:4      | Found an iron altar of Okawaru.
  3701 | D:4      | Noticed Pargi
  3718 | D:4      | Killed Pargi
  3719 | D:4      | Reached XP level 7. HP: 23/44 MP: 7/7
  4065 | D:4      | Reached skill level 5 in Maces & Flails
  4513 | D:5      | Entered Level 5 of the Dungeon
  4525 | D:5      | Reached skill level 5 in Fighting
  4532 | D:5      | Reached skill level 5 in Armour
  4532 | D:5      | Reached skill level 5 in Shields
  4777 | D:5      | Reached * piety under Elyvilon
  5552 | D:5      | Reached XP level 8. HP: 7/50 MP: 8/8
  5844 | D:5      | Reached skill level 6 in Maces & Flails
  6113 | D:5      | Found a basalt altar of Yredelemnul.
  6188 | D:5      | Reached ** piety under Elyvilon
  7030 | D:6      | Reached *** piety under Elyvilon
  7121 | D:6      | Reached skill level 7 in Maces & Flails
  7253 | D:6      | Reached XP level 9. HP: 51/56 MP: 9/9
  7398 | D:6      | Found Halimn's Assorted Antiques.
  8285 | D:7      | Noticed a two-headed ogre
  8699 | D:7      | Found a hazy altar of Hepliaklqana.
  8705 | D:7      | Reached **** piety under Elyvilon
  8870 | D:7      | Found a burning altar of Makhleb.
  8870 | D:7      | Noticed a balrug
  8879 | D:7      | Noticed a smoke demon
  8879 | D:7      | Noticed a smoke demon
  8986 | D:7      | Found a transporter.
  8997 | D:7      | Noticed a moth of wrath
  8998 | D:7      | Noticed ZoeForever1's ghost (novice DrTm)
  9002 | D:7      | Found a bloodstained altar of Trog.
  9017 | D:7      | Found a transporter.
  9180 | D:8      | Reached skill level 8 in Maces & Flails
  9193 | D:8      | Noticed a two-headed ogre
  9276 | D:6      | Bought a red potion for 31 gold pieces
  9294 | D:7      | Elyvilon protects you from harm!
  9783 | D:8      | Found Ocwiruf's Superior Scales.
  9984 | D:8      | Lost mutation: Armour fits poorly on your strangely shaped
                  | body. [potion of mutation]
  9984 | D:8      | Gained mutation: You are partially covered in iridescent
                  | scales. (AC +2) [potion of mutation]
  9984 | D:8      | Gained mutation: A frigid envelope surrounds you and
                  | freezes all who hurt you. [potion of mutation]
 10090 | D:8      | Killed a two-headed ogre
 10091 | D:8      | Reached skill level 9 in Maces & Flails
 10091 | D:8      | Reached XP level 10. HP: 4/64 MP: 10/10
 11355 | D:9      | Reached skill level 10 in Maces & Flails
 11456 | D:9      | Found a stormy altar of Qazlal.
 11522 | D:9      | Noticed a cyclops
 11549 | D:9      | Reached ***** piety under Elyvilon
 11569 | D:9      | Killed a cyclops
 11691 | D:9      | Lost mutation: You are partially covered in iridescent
                  | scales. (AC +2) [potion of mutation]
 11691 | D:9      | Lost mutation: A frigid envelope surrounds you and freezes
                  | all who hurt you. [potion of mutation]
 11691 | D:9      | Gained mutation: You are robust. (+10% HP) [potion of
                  | mutation]
 11691 | D:9      | Gained mutation: You are agile. (Dex +4, Str/Int -1)
                  | [potion of mutation]
 11691 | D:9      | Gained mutation: You have a pair of small horns on your
                  | head. [potion of mutation]
 11692 | D:9      | Lost mutation: You are robust. (+10% HP) [potion of
                  | mutation]
 11692 | D:9      | Lost mutation: You have a pair of small horns on your head.
                  | [potion of mutation]
 11692 | D:9      | Gained mutation: Your body sometimes deteriorates upon
                  | taking damage. [potion of mutation]
 11692 | D:9      | Gained mutation: You are very agile. (Dex +8, Str/Int -2)
                  | [potion of mutation]
 11692 | D:9      | Gained mutation: You occasionally lose the ability to read
                  | scrolls when taking damage. [potion of mutation]
 11766 | D:9      | Noticed a kobold demonologist
 11770 | D:9      | Noticed a soul eater
 11776 | D:9      | Noticed a sixfirhy
 11779 | D:9      | Noticed an orange demon
 11793 | D:9      | Killed a kobold demonologist
 11993 | D:9      | Found a broken altar of Ashenzari.
 11993 | D:9      | Found a blossoming altar of Fedhas.
 11995 | D:9      | Found a sparkling altar of Nemelex Xobeh.
 11995 | D:9      | Found a sparkling altar of Nemelex Xobeh.
 12047 | D:9      | Reached XP level 11. HP: 67/69 MP: 11/11
 12082 | D:9      | Noticed a two-headed ogre
 12330 | D:9      | Killed a two-headed ogre
 12650 | D:9      | Reached skill level 11 in Maces & Flails
 12674 | D:8      | Elyvilon protects you from harm!
 12675 | D:8      | Slain by a yak

Illustrated notes

Levels and vault maps discovered:
D:1:      co_arrival_random_square_maze, layout_basic,
          dreamdust_ecumenical_altar_statues
D:2:      layout_basic, serial_shops, shop
D:3:      layout_rooms, uniq_sigmund, uniq_natasha
D:4:      layout_loops_corners, grunt_gozag_breadcrumbs,
          nicolae_kikubaaqudgha_miasma_corner, kennysheep_mini,
          minmay_temple_entry_glass, uniq_pargi
D:5:      layout_cave_pods, yredelemnul_forgotten_temple_becter,
          nicolae_hexahallways
D:6:      layout_basic, serial_shops, nicolae_take_the_stairs, st_stairs_5,
          nrook_pool_corridor, kennysheep_opposing_triangles
D:7:      layout_cave_pools, makhleb_altar_promises_db, lemuel_round_altar,
          gammafunk_ghost_wrathful_warriors, minmay_misc_feat_tower,
          hangedman_abyss_or_decor_jellyfish_corner,
          ebering_dispersal_statue_hall
D:8:      hangedman_cross_stitches, layout_basic, hellmonk_scale_shop
D:9:      minmay_the_grid_octo_tiled_squarecenter [minmay_the_grid_octo_clover,
          minmay_the_grid_octo_chip, minmay_the_grid_octo_thin_diamonds,
          minmay_the_grid_octo_shrine,
          minmay_the_grid_square_5x5_megaprize_checkered,
          minmay_the_grid_square_5x5_fancy_junction,
          minmay_the_grid_square_5x5_six_small,
          minmay_the_grid_square_5x5_spiral, minmay_the_grid_square_5x5_inset],
          layout_cave_pods, nicolae_qazlal_general_emergency,
          chequers_temple_overflow_minitemple
Temple:   hellmonk_temple_flake

Skill      XL: |  1  2  3  4  5  6  7  8  9 10 11 |
---------------+----------------------------------+-----
Maces & Flails | 4 5 7 9 10 11 | 11.0
Fighting       | 4 5 6 7 8 9 |  9.0
Armour         | 4 5 6 7 8 9 |  9.0
Shields        | 4 5 6 7 8 9 |  9.0

Action                   |  1- 3 |  4- 6 |  7- 9 | 10-12 || total
-------------------------+-------+-------+-------+-------++-------
Melee: Flail             |    14 |       |       |       ||    14
       Mace              |    94 |    97 |   412 |   232 ||   835
Throw: Javelin           |       |       |     2 |       ||     2
Evoke: Wand              |       |       |     9 |       ||     9
  Use: Scroll            |     5 |     2 |    11 |     1 ||    19
       Potion            |     1 |       |     8 |     4 ||    13
Armor: Scale mail        |    56 |    65 |       |       ||   121
       Plate armour      |       |       |   286 |   133 ||   419
Dodge: Dodged            |    47 |    54 |    97 |    40 ||   238
Block: Buckler           |    20 |    30 |    12 |       ||    62
       Kite shield       |       |       |   223 |   137 ||   360
